% Time on Ice - ANAHEIM OUTLAWS
Lines # - Real PCT - Wanted PCT - Time Play
Normal Forward
1 - 37% - 36% - 19:48
2 - 31% - 31% - 16:50
3 - 23% - 23% - 12:23
4 - 9% - 10% - 5:02
Normal Defense
1 - 35% - 36% - 19:03
2 - 31% - 31% - 16:55
3 - 28% - 23% - 15:09
4 - 5% - 10% - 2:56
PP Forward
1 - 70% - 55% - 1:23
2 - 30% - 45% - 0:36
PP Defense
1 - 58% - 55% - 1:09
2 - 42% - 45% - 0:50
PK Forward
1 - 63% - 55% - 2:31
2 - 37% - 45% - 1:27
PK Defense
1 - 54% - 55% - 2:08
2 - 46% - 45% - 1:50
PK3 Forward
1 - 0% - 55%
2 - 0% - 45%
PK3 Defense
1 - 0% - 55%
2 - 0% - 45%
44 Forward
1 - 0% - 55%
2 - 0% - 45%
44 Defense
1 - 0% - 55%
2 - 0% - 45%
Last Minute Offensive  - 0:00
Last Minute Defensive  - 0:00
Total
Forward - 60:00
Defense - 60:00
% Time on Ice - SAN FRANCISCO SPIDERS
Lines # - Real PCT - Wanted PCT - Time Play
Normal Forward
1 - 37% - 36% - 20:00
2 - 32% - 34% - 17:22
3 - 20% - 20% - 10:44
4 - 11% - 10% - 5:57
Normal Defense
1 - 34% - 36% - 18:11
2 - 33% - 31% - 17:54
3 - 29% - 23% - 15:29
4 - 5% - 10% - 2:29
PP Forward
1 - 56% - 55% - 2:13
2 - 44% - 45% - 1:45
PP Defense
1 - 53% - 55% - 2:06
2 - 47% - 45% - 1:52
PK Forward
1 - 66% - 55% - 1:18
2 - 34% - 45% - 0:41
PK Defense
1 - 47% - 55% - 0:56
2 - 53% - 45% - 1:03
PK3 Forward
1 - 0% - 55%
2 - 0% - 45%
PK3 Defense
1 - 0% - 55%
2 - 0% - 45%
44 Forward
1 - 0% - 55%
2 - 0% - 45%
44 Defense
1 - 0% - 55%
2 - 0% - 45%
Last Minute Offensive  - 0:00
Last Minute Defensive  - 0:00
Total
Forward - 60:00
Defense - 60:00
Play-by-Play 1st period 0:01 of 1st period - Sebastian Aho wins face-off versus Evgeny Kuznetsov in neutral zone. 0:22 of 1st period - Shot by Viktor Arvidsson. 0:22 of 1st period - Stopped by Jacob Markstrom without a rebound. 0:23 of 1st period - Carter Verhaeghe wins face-off versus Bo Horvat in ANAHEIM OUTLAWS zone. 1:01 of 1st period - Shot by Bo Horvat. 1:01 of 1st period - Stopped by Jacob Markstrom with a rebound. 1:27 of 1st period - Shot by Pius Suter. 1:27 of 1st period - Shot Misses the Net. 1:29 of 1st period - Shot by Kent Johnson. 1:29 of 1st period - Shot Misses the Net. 1:31 of 1st period - Shot by Ian Mitchell. 1:31 of 1st period - Shot Hit the Post. 1:43 of 1st period - Shot by Jack Quinn. 1:43 of 1st period - Stopped by Igor Shesterkin without a rebound. 1:44 of 1st period - Evgeny Kuznetsov wins face-off versus Trevor Moore in SAN FRANCISCO SPIDERS zone. 3:11 of 1st period - Shot by Sebastian Aho. 3:11 of 1st period - Stopped by Jacob Markstrom with a rebound. 4:16 of 1st period - Shot by Kyle Palmieri. 4:16 of 1st period - Shot Misses the Net. 5:09 of 1st period - Shot by Adrian Kempe. 5:09 of 1st period - Stopped by Igor Shesterkin without a rebound. 5:10 of 1st period - Trevor Moore wins face-off versus Pius Suter in SAN FRANCISCO SPIDERS zone. 5:48 of 1st period - Off-side. 5:49 of 1st period - Sebastian Aho wins face-off versus Adrian Kempe in neutral zone. 6:36 of 1st period - Icing by Zach Hyman. 6:37 of 1st period - Evgeny Kuznetsov wins face-off versus Sebastian Aho in SAN FRANCISCO SPIDERS zone. 6:37 of 1st period - Jeff Skinner is hit by Brenden Dillon. 6:57 of 1st period - Bo Horvat is hit by Ian Mitchell. 6:59 of 1st period - Shot by Andrei Svechnikov. 6:59 of 1st period - Stopped by Jacob Markstrom with a rebound. 7:41 of 1st period - Shot by Pius Suter. 7:41 of 1st period - Goal by Pius Suter - ANAHEIM OUTLAWS : 1 - SAN FRANCISCO SPIDERS : 0. 7:42 of 1st period - Adrian Kempe wins face-off versus Kirby Dach in neutral zone. 7:52 of 1st period - Icing by Noah Hanifin. 7:53 of 1st period - Sebastian Aho wins face-off versus Adrian Kempe in ANAHEIM OUTLAWS zone. 7:57 of 1st period - Shot by Viktor Arvidsson. 7:57 of 1st period - Deflect By Zach Hyman. 7:57 of 1st period - Shot Misses the Net. 7:59 of 1st period - Shot by Viktor Arvidsson. 7:59 of 1st period - Deflect By Zach Hyman. 7:59 of 1st period - Shot Misses the Net. 8:01 of 1st period - Shot by Jacob Middleton. 8:01 of 1st period - Stopped by Jacob Markstrom without a rebound. 8:02 of 1st period - Sebastian Aho wins face-off versus Pius Suter in ANAHEIM OUTLAWS zone. 8:54 of 1st period - Darnell Nurse is hit by Adrian Kempe and loses puck. 9:01 of 1st period - Morgan Rielly is hit by Sebastian Aho and loses puck. 9:12 of 1st period - Shot by Carter Verhaeghe. 9:12 of 1st period - Deflect By Adrian Kempe. 9:12 of 1st period - Stopped by Igor Shesterkin with a rebound. 9:14 of 1st period - Shot by Carter Verhaeghe. 9:14 of 1st period - Stopped by Igor Shesterkin without a rebound. 9:15 of 1st period - Evgeny Kuznetsov wins face-off versus Bo Horvat in SAN FRANCISCO SPIDERS zone. 9:41 of 1st period - Icing by Evgeny Kuznetsov. 9:42 of 1st period - Evgeny Kuznetsov wins face-off versus Kirby Dach in ANAHEIM OUTLAWS zone. 10:07 of 1st period - Shot by Kevin Fiala. 10:07 of 1st period - Shot Misses the Net. 10:09 of 1st period - Shot by Evgeny Kuznetsov. 10:09 of 1st period - Goal by Evgeny Kuznetsov - ANAHEIM OUTLAWS : 2 - SAN FRANCISCO SPIDERS : 0. 10:10 of 1st period - Adrian Kempe wins face-off versus Bo Horvat in neutral zone. 10:39 of 1st period - Shot by Andrei Svechnikov. 10:39 of 1st period - Shot Blocked by Noah Hanifin. 10:55 of 1st period - Shot by Andrei Svechnikov. 10:55 of 1st period - Stopped by Jacob Markstrom without a rebound. 10:56 of 1st period - Kyle Palmieri wins face-off versus Pius Suter in ANAHEIM OUTLAWS zone. 11:15 of 1st period - Shot by Kyle Palmieri. 11:15 of 1st period - Deflect By Trent Frederic. 11:15 of 1st period - Shot Blocked by Pius Suter. 11:17 of 1st period - Shot by Trent Frederic. 11:17 of 1st period - Shot Misses the Net. 11:19 of 1st period - Shot by Darnell Nurse. 11:19 of 1st period - Shot Misses the Net. 12:14 of 1st period - Shot by Kevin Fiala. 12:14 of 1st period - Stopped by Igor Shesterkin without a rebound. 12:15 of 1st period - Kirby Dach wins face-off versus Adrian Kempe in SAN FRANCISCO SPIDERS zone. 12:35 of 1st period - Icing by Michael Anderson. 12:36 of 1st period - Michael Rasmussen wins face-off versus Kirby Dach in SAN FRANCISCO SPIDERS zone. 12:37 of 1st period - Shot by Pierre Engvall. 12:37 of 1st period - Stopped by Igor Shesterkin without a rebound. 12:38 of 1st period - Evgeny Kuznetsov wins face-off versus Bo Horvat in SAN FRANCISCO SPIDERS zone. 13:12 of 1st period - Bo Horvat is hit by Jacob Trouba and loses puck. 13:57 of 1st period - Shot by Carter Verhaeghe. 13:57 of 1st period - Shot Blocked by Sean Durzi. 14:23 of 1st period - Shot by Zach Hyman. 14:23 of 1st period - Stopped by Jacob Markstrom with a rebound. 15:55 of 1st period - Shot by Jack Quinn. 15:55 of 1st period - Shot Misses the Net. 16:40 of 1st period - Shot by Kevin Fiala. 16:40 of 1st period - Stopped by Igor Shesterkin without a rebound. 16:41 of 1st period - Adrian Kempe wins face-off versus Andrei Svechnikov in SAN FRANCISCO SPIDERS zone. 16:48 of 1st period - Shot by Carter Verhaeghe. 16:48 of 1st period - Deflect By Adrian Kempe. 16:48 of 1st period - Stopped by Igor Shesterkin without a rebound. 16:49 of 1st period - Carter Verhaeghe wins face-off versus Sebastian Aho in SAN FRANCISCO SPIDERS zone. 16:58 of 1st period - Shot by Adrian Kempe. 16:58 of 1st period - Stopped by Igor Shesterkin without a rebound. 16:59 of 1st period - Evgeny Kuznetsov wins face-off versus Bo Horvat in SAN FRANCISCO SPIDERS zone. 17:18 of 1st period - Shot by Andrei Svechnikov. 17:18 of 1st period - Shot Misses the Net. 17:20 of 1st period - Shot by Erik Gudbranson. 17:20 of 1st period - Stopped by Jacob Markstrom without a rebound. 17:21 of 1st period - Pius Suter wins face-off versus Sebastian Aho in ANAHEIM OUTLAWS zone. 17:42 of 1st period - Pius Suter is hit by Zach Hyman and loses puck. 17:58 of 1st period - Shot by Kent Johnson. 17:58 of 1st period - Stopped by Igor Shesterkin without a rebound. 17:59 of 1st period - Bo Horvat wins face-off versus Evgeny Kuznetsov in SAN FRANCISCO SPIDERS zone. 18:27 of 1st period - Minor Penalty to Sean Durzi for Hooking. 18:28 of 1st period - Pius Suter wins face-off versus Zach Hyman in SAN FRANCISCO SPIDERS zone. 18:31 of 1st period - Shot by Morgan Rielly. 18:31 of 1st period - Stopped by Igor Shesterkin with a rebound. 18:33 of 1st period - Shot by Pius Suter. 18:33 of 1st period - Stopped by Igor Shesterkin without a rebound. 18:34 of 1st period - Zach Hyman wins face-off versus Evgeny Kuznetsov in SAN FRANCISCO SPIDERS zone. 18:59 of 1st period - Shot by Morgan Rielly. 18:59 of 1st period - Shot Misses the Net. 19:01 of 1st period - Shot by Morgan Rielly. 19:01 of 1st period - Shot Misses the Net. 19:03 of 1st period - Shot by Jacob Trouba. 19:03 of 1st period - Shot Misses the Net. 19:05 of 1st period - Shot by Jacob Trouba. 19:05 of 1st period - Stopped by Igor Shesterkin without a rebound. 19:06 of 1st period - Pius Suter wins face-off versus Zach Hyman in SAN FRANCISCO SPIDERS zone. 19:11 of 1st period - Shot by Henri Jokiharju. 19:11 of 1st period - Stopped by Igor Shesterkin without a rebound. 19:12 of 1st period - Pius Suter wins face-off versus Zach Hyman in SAN FRANCISCO SPIDERS zone. 19:55 of 1st period - Shot by Michael Rasmussen. 19:55 of 1st period - Stopped by Igor Shesterkin without a rebound. 19:56 of 1st period - Zach Hyman wins face-off versus Evgeny Kuznetsov in SAN FRANCISCO SPIDERS zone. Goals for this period are 2 for ANAHEIM OUTLAWS vs 0 for SAN FRANCISCO SPIDERS. Shots for this period are 17 for ANAHEIM OUTLAWS vs 8 for SAN FRANCISCO SPIDERS. 2nd period 0:01 of 2nd period - Zach Hyman wins face-off versus Pius Suter in neutral zone. 0:51 of 2nd period - Shot by Michael Bunting. 0:51 of 2nd period - Stopped by Igor Shesterkin without a rebound. 0:52 of 2nd period - Evgeny Kuznetsov wins face-off versus Sebastian Aho in SAN FRANCISCO SPIDERS zone. 1:04 of 2nd period - Shot by Viktor Arvidsson. 1:04 of 2nd period - Stopped by Jacob Markstrom with a rebound. 2:27 of 2nd period - Shot by Jared McCann. 2:27 of 2nd period - Stopped by Jacob Markstrom without a rebound. 2:28 of 2nd period - Kirby Dach wins face-off versus Adrian Kempe in ANAHEIM OUTLAWS zone. 3:01 of 2nd period - Shot by Adrian Kempe. 3:01 of 2nd period - Stopped by Igor Shesterkin without a rebound. 3:02 of 2nd period - Sebastian Aho wins face-off versus Pius Suter in SAN FRANCISCO SPIDERS zone. 4:09 of 2nd period - Shot by Adrian Kempe. 4:09 of 2nd period - Shot Misses the Net. 4:15 of 2nd period - Shot by Carter Verhaeghe. 4:15 of 2nd period - Stopped by Igor Shesterkin without a rebound. 4:16 of 2nd period - Michael Rasmussen wins face-off versus Bo Horvat in SAN FRANCISCO SPIDERS zone. 4:18 of 2nd period - Minor Penalty to Michael Rasmussen for Hooking. 4:19 of 2nd period - Adrian Kempe wins face-off versus Sebastian Aho in ANAHEIM OUTLAWS zone. 4:19 of 2nd period - Adrian Kempe is hit by Andrei Svechnikov. 5:23 of 2nd period - Shot by Viktor Arvidsson. 5:23 of 2nd period - Shot Misses the Net. 5:25 of 2nd period - Shot by Bo Horvat. 5:25 of 2nd period - Shot Blocked by Jacob Trouba. 5:29 of 2nd period - Shot by Bo Horvat. 5:29 of 2nd period - Stopped by Jacob Markstrom without a rebound. 5:30 of 2nd period - Bo Horvat wins face-off versus Adrian Kempe in ANAHEIM OUTLAWS zone. 6:21 of 2nd period - Michael Rasmussen is hit by Kirby Dach and loses puck. 6:26 of 2nd period - Jacob Middleton is hit by Michael Rasmussen and loses puck. 6:32 of 2nd period - Icing by Jacob Middleton. 6:33 of 2nd period - Kirby Dach wins face-off versus Evgeny Kuznetsov in SAN FRANCISCO SPIDERS zone. 6:46 of 2nd period - Shot by Jeff Skinner. 6:46 of 2nd period - Stopped by Igor Shesterkin without a rebound. 6:47 of 2nd period - Dakota Joshua wins face-off versus Adrian Kempe in SAN FRANCISCO SPIDERS zone. 6:47 of 2nd period - Dakota Joshua is hit by Adrian Kempe. 7:08 of 2nd period - Icing by Darnell Nurse. 7:09 of 2nd period - Evgeny Kuznetsov wins face-off versus Kyle Palmieri in SAN FRANCISCO SPIDERS zone. 7:20 of 2nd period - Shot by Evgeny Kuznetsov. 7:20 of 2nd period - Stopped by Igor Shesterkin without a rebound. 7:21 of 2nd period - Sebastian Aho wins face-off versus Carter Verhaeghe in SAN FRANCISCO SPIDERS zone. 7:37 of 2nd period - Icing by Jacob Middleton. 7:38 of 2nd period - Sebastian Aho wins face-off versus Jeff Skinner in SAN FRANCISCO SPIDERS zone. 8:18 of 2nd period - Icing by Jeff Skinner. 8:19 of 2nd period - Evgeny Kuznetsov wins face-off versus Bo Horvat in ANAHEIM OUTLAWS zone. 8:24 of 2nd period - Off-side. 8:25 of 2nd period - Bo Horvat wins face-off versus Adrian Kempe in neutral zone. 8:32 of 2nd period - Shot by Andrei Svechnikov. 8:32 of 2nd period - Shot Misses the Net. 8:35 of 2nd period - Icing by Henri